 Dungeon Crawl Stone Soup version 0.30.1-11-g7821555f0a (webtiles) character file.

Game seed: 3654788153734621750

63 SacredBeard the Grave Robber (level 3, -1/26 HPs)
             Began as a Demonspawn Necromancer on Nov 19, 2023.
             Slain by a worm (10 damage)
             ... on level 2 of the Dungeon.
             The game lasted 00:03:54 (1455 turns).

SacredBeard the Grave Robber (DsNe)                 Turns: 1455, Time: 00:03:55

Health: -1/26      AC:  3    Str:  8    XL:     3   Next: 87%
Magic:  0/6        EV: 11    Int: 18    God:
Gold:   77         SH:  0    Dex: 13    Spells: 5/6 levels left

rFire   . . .        h - +0 dagger
rCold   . . .        (no shield)
rNeg    . . .        i - +0 leather armour
rPois   +            (no helmet)
rElec   .            (no cloak)
rCorr   .            (no gloves)
SInv    .            (no boots)
Will    .....        (no amulet)
Stlth   ++           e - ring of poison resistance
HPRegen 0.24/turn    (no ring)
MPRegen 0.10/turn

%: no passive effects
@: no status effects
A: ignite blood 2
a: no special abilities


You were on level 2 of the Dungeon.
You visited 1 branch of the dungeon, and saw 2 of its levels.

You collected 77 gold pieces.

Inventory:

Hand Weapons
 h - a +0 dagger (weapon)
 j - a +0 spear
Missiles
 c - 38 stones
 o - 5 poisoned darts
Armour
 i - a +0 leather armour (worn)
 n - a +0 buckler
Jewellery
 e - a ring of poison resistance (left hand)
Scrolls
 a - 2 scrolls of blinking {unknown}
 d - a scroll of identify {unknown}
 k - a scroll of fear {unknown}
 l - a scroll of amnesia {unknown}
 m - a scroll of immolation {unknown}
Potions
 b - a potion of magic
 f - a potion of invisibility {unknown}
 g - a potion of mutation {unknown}
 p - a potion of heal wounds {unknown}


   Skills:
 + Level 1.2 Fighting
 + Level 1.1 Armour
 - Level 2.0 Dodging
 + Level 2.3 Stealth
 - Level 2.0 Spellcasting
 * Level 5.1 Necromancy


You had 5 spell levels left.
You knew the following spells:

 Your Spells              Type           Power      Damage    Failure   Level
a - Necrotise             Necr           80%        1d8       3%          1

Your spell library contained the following spells:

 Spells                   Type           Power      Damage    Failure   Level
 Vampiric Draining        Necr           20%        2d7       10%         3
 Animate Dead             Necr           20%        N/A       30%         4
 Agony                    Necr           20%        N/A       65%         5


Dungeon Overview and Level Annotations

Branches:
Dungeon (2/15) Zot: 10544

Altars:


Innate Abilities, Weirdness & Mutations

Your demonic aura often causes spilled blood to erupt in flames.


Message History

You hit the worm but do no damage.
The worm is moderately wounded.
You barely miss the worm.
The worm is moderately wounded.
The worm bites you but does no damage.
You barely miss the worm.
The worm is moderately wounded.
The worm bites you but does no damage.
You hit the worm.
The worm is moderately wounded.
You hit the worm.
The worm is moderately wounded.
The worm bites you.
You hit the worm.
The worm is moderately wounded.
You barely miss the worm.
The worm is moderately wounded.
The worm barely misses you.
You barely miss the worm.
The worm is moderately wounded.
The worm bites you.
You are too injured to fight recklessly!
Casting: Necrotise (safe; 3% risk of failure)
Confirm with . or Enter, or press ? or * to list all spells.
Aiming: Necrotise (safe; 3% risk of failure)
Press: ? - help, Shift-Dir - straight line, f/p - worm
Aim: a worm (moderately wounded, chance to affect: 84%)
The worm writhes in agony.
You hit the worm.
The worm is heavily wounded.
The worm misses you.
You barely miss the worm.
The worm is heavily wounded.
You hit the worm.
The worm is heavily wounded.
The worm bites you but does no damage.
You hit the worm.
The worm is severely wounded.
The worm bites you!
You die...

#.... #.... #....
#....
###....###########
................>#
#
#######.########.#
...$#####.# #.#
......w@..######
#.#
.$..####..)....#
#.# . #.......#
#.# #.......# #.#
#.##.######.# ###
..##.# #..# #<#
#####.# ##.## ##.#
#.# #..# #..#
#.####.##


You could see a worm.

Vanquished Creatures
  An adder (D:2)
  A dart slug (D:1)
  4 orcs (D:2)
  5 ball pythons
  An endoplasm (D:1)
  4 giant cockroaches (D:1)
  3 goblins (D:1)
  5 hobgoblins
  2 quokkas (D:1)
  A bat (D:2)
  2 frilled lizards (D:1)
  3 kobolds
  A rat (D:2)
33 creatures vanquished.

Vanquished Creatures (collateral kills)
  A gnoll (D:1)
  A hobgoblin (D:1)
2 creatures vanquished.

Grand Total: 35 creatures vanquished

Notes
Turn   | Place    | Note
-------+----------+-------------------------------------------
     0 | D:1      | SacredBeard the Demonspawn Necromancer began the quest for
                  | the Orb.
     0 | D:1      | Reached XP level 1. HP: 13/13 MP: 3/3
   210 | D:1      | Gained mutation: Your demonic aura sometimes causes spilled
                  | blood to erupt in flames. [demonic ancestry]
   210 | D:1      | Reached XP level 2. HP: 20/20 MP: 1/5
   617 | D:1      | Gained mutation: Your demonic aura often causes spilled
                  | blood to erupt in flames. [demonic ancestry]
   617 | D:1      | Reached XP level 3. HP: 25/25 MP: 0/6
   729 | D:1      | Found a faded altar of an unknown god.
  1092 | D:2      | Reached skill level 1 in Fighting
  1186 | D:2      | Reached skill level 1 in Armour
  1186 | D:2      | Reached skill level 5 in Necromancy
  1455 | D:2      | Slain by a worm

Illustrated notes

Levels and vault maps discovered:
D:1:      dpeg_arrival_pond, layout_loops_cross,
          dreamdust_ecumenical_altar_grove
D:2:      layout_basic, uniq_jessica

Skill      XL: |  1  2  3 |
---------------+----------+-----
Stealth        | 2 |  2.3
Dodging        | 2 |  2.0
Fighting       | 1 |  1.2
Armour         | 1 |  1.1
Necromancy     | 5 |  5.1
Spellcasting   | |  2.0

Action                     || total
---------------------------++-------
  Melee: Unarmed           ||    12
         Dagger            ||    27
  Throw: Stone             ||     6
   Cast: Necrotise         ||    72
 Armour: Robe              ||     5
         Leather armour    ||     4
  Dodge: Dodged            ||    26
